 Dungeon Crawl Stone Soup version 0.31-a0-1-g4198be8af4 (webtiles) character file.

Game seed: 14443196776979866260

193695 Essalna the Scorcher (level 18, 0/124 HPs)
             Began as a Tengu Fire Elementalist on Apr 21, 2023.
             Was the Champion of Vehumet.
             Slain by a phantasmal warrior (30 damage)
             ... summoned by a curse skull
             ... on level 2 of the Vaults on May 3, 2023.
             The game lasted 01:44:18 (28100 turns).

Essalna the Scorcher (Tengu Fire Elementalist)     Turns: 28100, Time: 01:44:19

Health: 0/124      AC: 12    Str:  4    XL:     18   Next: 28%
Magic:  26/26      EV: 26    Int: 37    God:    Vehumet [******]
Gold:   1484       SH:  5    Dex: 18    Spells: 12/27 levels left

rFire   . . .        k - +9 sword of Zonguldrok {reap}
rCold   . . .        d - +0 buckler
rNeg    . . .        Q - +1 robe of Vines {NoPotionHeal Regen++++}
rPois   +            i - +2 hat
rElec   .            O - +1 cloak {Stlth+}
rCorr   .            c - +2 pair of gloves of Agrumilo {rPois rF+ rC- Dex+3}
SInv    +            (boots unavailable)
Will    ++++.        L - amulet "Raiceacs" {RegenMP rF- Int+3 SInv}
Stlth   +++          W - ring "Bul Zare" {rC+ Int+6}
HPRegen 3.60/turn    a - ring "Honureun" {Wiz Will+++ Str-4 Int+4}
MPRegen 0.60/turn

%: wizardry (x1)
@: flying quickly and evasively, quick
A: beak, talons 3, nimble flight
}: 1/15 runes: decaying
a: Renounce Religion


You were on level 2 of the Vaults.
You worshipped Vehumet.
Vehumet was exalted by your worship.
You visited 6 branches of the dungeon, and saw 29 of its levels.
You also visited: Bailey.

You collected 3116 gold pieces.
You spent 1632 gold pieces at shops.

Inventory:

Hand Weapons
 k - the +9 sword of Zonguldrok (weapon) {reap}
   (You found it on level 10 of the Dungeon)
 n - the +4 whip "Beastslayer" {spect, rElec rN+++ Will- SInv}
   (You found it on level 2 of the Vaults)

   rElec:     It insulates you from electricity.
   rN:        It renders you almost immune to negative energy.
   SInv:      It lets you see invisible.
   Will:      It decreases your willpower.
Armour
 c - the +2 pair of gloves of Agrumilo (worn) {rPois rF+ rC- Dex+3}
   (You acquired it on level 4 of the Dungeon)

   Dex:       It affects your dexterity (+3).
   rF:        It protects you from fire.
   rC:        It makes you vulnerable to cold.
   rPois:     It protects you from poison.
 d - a +0 buckler (worn)
 g - the +4 robe of Folly {Brill Will-∞ Int+8}
   (You took it off a centaur warrior on level 13 of the Dungeon)

   Brill:     It increases the power of your magical spells and halves their MP
   cost (rounding up).
   Will-∞: It reduces your willpower to zero.
   Int:       It affects your intelligence (+8).
 i - a +2 hat (worn)
 m - the +0 chain mail "Laonu" {Rampage rPois Regen+ Int+3}
   (You found it on level 2 of the Dungeon)

   Int:       It affects your intelligence (+3).
   rPois:     It protects you from poison.
   Regen:     It increases your rate of health regeneration.
   Rampage:   It bestows one free step when moving towards enemies.
 O - a +1 cloak of stealth (worn)
 Q - the +1 robe of Vines (worn) {NoPotionHeal Regen++++}
   (You found it on level 1 of the Lair of Beasts)

   NoPotionHeal: Its wearer cannot be healed by potions.
   Regen:     It increases your rate of health regeneration.
 Y - a scarf of repulsion
Magical Staves
 J - a staff of death
 V - a staff of fire
Jewellery
 a - the ring "Honureun" (right hand) {Wiz Will+++ Str-4 Int+4}
   (You found it on level 10 of the Dungeon)

   [ring of wizardry]

   It improves your spell success rate.
   Str:       It affects your strength (-4).
   Int:       It affects your intelligence (+4).
   Will:      It greatly increases your willpower.
 h - a ring of poison resistance
 C - an amulet of magic regeneration
 I - a ring of positive energy
 L - the amulet "Raiceacs" (around neck) {RegenMP rF- Int+3 SInv}
   (You found it on level 5 of the Dungeon)

   [amulet of magic regeneration]

   It increases your rate of magic regeneration.
   Int:       It affects your intelligence (+3).
   rF:        It makes you vulnerable to fire.
   SInv:      It lets you see invisible.
 P - an amulet of regeneration
 R - a ring of protection from fire
 W - the ring "Bul Zare" (left hand) {rC+ Int+6}
   (You acquired it on level 2 of the Orcish Mines)

   [ring of intelligence]

   Int:       It affects your intelligence (+6).
   rC:        It protects you from cold.
 X - a +4 ring of protection
Wands
 l - a wand of iceblast (8)
 u - a wand of light (16)
 x - a wand of digging (7)
Scrolls
 b - 6 scrolls of amnesia
 e - 7 scrolls of enchant weapon
 p - 4 scrolls of fog
 t - 4 scrolls of teleportation
 y - 2 scrolls of enchant armour
 z - 4 scrolls of brand weapon
 B - 4 scrolls of fear
 D - 2 scrolls of silence
 K - 4 scrolls of poison
 M - a scroll of magic mapping
 S - 3 scrolls of butterflies
Potions
 f - 9 potions of mutation
 j - 6 potions of attraction
 o - 2 potions of heal wounds
 q - 3 potions of resistance
 r - 6 potions of haste
 s - 8 potions of might
 v - 2 potions of ambrosia
 w - 4 potions of invisibility
 A - 5 potions of berserk rage
 E - a potion of cancellation
 F - 17 potions of curing
 G - 3 potions of magic
 H - 4 potions of flight
 U - 6 potions of lignification
 Z - 6 potions of brilliance


   Skills:
 + Level 17.4 Fighting
 - Level 14.0 Armour
 + Level 16.8 Dodging
 - Level 2.0 Stealth
 - Level 4.0 Shields
 - Level 5.0 Spellcasting
 - Level 8.0 Conjurations
 + Level 19.2 Fire Magic


You had 12 spell levels left.
You knew the following spells:

 Your Spells              Type           Power      Damage    Failure   Level
a - Foxfire               Conj/Fire      100%       2x1d9     1%          1
b - Scorch                Fire           100%       2d9       0%          2
c - Flame Wave            Conj/Fire      83%        2d18      1%          4
d - Ignition              Fire           50%        3d14      1%          8

Your spell library contained the following spells:

 Spells                   Type           Power      Damage    Failure   Level
 Iron Shot                Conj/Erth      19%        9d4       19%         6
 Kiss of Death            Conj/Necr      100%       2d13      1%          1
 Magic Dart               Conj           100%       1d8       1%          1
 Sandblast                Erth           18%        2d7       1%          1
 Shock                    Conj/Air       100%       1d9       1%          1
 Momentum Strike          Conj/Tloc      76%        3d10      1%          2
 Searing Ray              Conj           100%       2d8       1%          2
 Static Discharge         Conj/Air       76%        2-6/arc   1%          2
 Hailstorm                Conj/Ice       38%        3d9       1%          3
 Ignite Poison            Fire/Tmut/Pois 54%        N/A       1%          3
 Inner Flame              Hex/Fire       69%        N/A       1%          3
 Stone Arrow              Conj/Erth      76%        3d11      1%          3
 Volatile Blastmotes      Fire/Tloc      100%       2d18      1%          3
 Fulminant Prism          Conj/Hex       19%        3d10      1%          4
 Sticky Flame             Conj/Fire      83%        2d9       1%          4
 Blink                    Tloc           18%        N/A       4%          2
 Cigotuvi's Dreadful Rot  Necr/Pois/Air  18%        N/A       4%          2
 Ensorcelled Hibernation  Hex/Ice        18%        N/A       4%          2
 Lesser Beckoning         Tloc           18%        N/A       4%          2
 Passwall                 Tmut/Erth      7%         N/A       4%          2
 Sublimation of Blood     Necr           9%         N/A       4%          2
 Wereblood                Tmut           9%         N/A       4%          2
 Freezing Cloud           Conj/Ice/Air   14%        6-21      7%          5
 Call Canine Familiar     Summ           9%         N/A       8%          3
 Confusing Touch          Hex            9%         N/A       8%          3
 Ozocubu's Armour         Ice            9%         N/A       8%          3
 Portal Projectile        Hex/Tloc       18%        N/A       8%          3
 Spider Form              Tmut/Pois      9%         N/A       8%          3
 Summon Guardian Golem    Hex/Summ       9%         N/A       8%          3
 Yara's Violent Unravell  Hex/Tmut       4%         3d4       19%         5
 Orb of Destruction       Conj           31%        9d10      21%         7
 Anguish                  Hex/Necr       4%         N/A       26%         4
 Cause Fear               Hex            4%         N/A       26%         4
 Dispel Undead            Necr           9%         3d8       26%         4
 Ice Form                 Ice/Tmut       9%         N/A       26%         4
 Leda's Liquefaction      Hex/Erth       4%         N/A       26%         4
 Manifold Assault         Tloc           9%         N/A       26%         4
 Spellforged Servitor     Conj/Summ      19%        N/A       65%         7
 Dispersal                Tloc           4%         N/A       98%         6
 Simulacrum               Ice/Necr       4%         N/A       98%         6
 Ozocubu's Refrigeration  Ice            4%         4d8       98%         7
 Enfeeble                 Hex            4%         N/A       100%        7
 Summon Hydra             Summ           4%         N/A       100%        7
 Borgnjor's Revivificati  Necr           4%         N/A       100%        8
 Disjunction              Tloc           4%         N/A       100%        8
 Necromutation            Tmut/Necr      4%         N/A       100%        8
 Death's Door             Necr           4%         N/A       100%        9


Dungeon Overview and Level Annotations

Branches:
Dungeon (15/15)            Temple (1/1) D:6            Lair (5/5) D:11
  Swamp (4/4) Lair:2       Spider (0/4) Lair:3        Slime (0/5) Lair:4
    Orc (2/2) D:10            Elf (0/3) Orc:2        Vaults (2/5) D:14
  Crypt (0/3) Vaults:2     Depths (0/4) D:15         Bailey (visited)

Altars:
Ashenzari
Cheibriados
Dithmenos
Elyvilon
Fedhas
Gozag
Hepliaklqana
Kikubaaqudgha
Makhleb
Nemelex Xobeh
Okawaru
Qazlal
Ru
Sif Muna
Trog
Uskayaw
Vehumet
Wu Jian
Xom
Yredelemnul
Zin
The Shining One
Jiyva

Shops:
D:2 :   D:4 *(!*   D:13 [   Orc:2 **?:   Vaults:1 *

Portals:
Trove: D:12 (give +4 fire dragon scales)


Innate Abilities, Weirdness & Mutations

You have a beak for a mouth.
You have claws for feet.
Your magical nature lets you fly swiftly and evasively.


Message History

You hit the curse skull but do no damage.
You claw the curse skull, but do no damage.
You peck the curse skull, but do no damage.
You block the jiangshi's attack. x2
The curse skull calls on the powers of darkness!
Your body is wracked with pain!
The jiangshi closely misses you. The jiangshi claws you!!
* * * LOW HITPOINT WARNING * * *
The jiangshi draws strength from your injuries!
The wight hits you with a +3 scimitar.
* * * LOW HITPOINT WARNING * * *
The phantasmal warrior misses you.
The curse skull rattles its jaw.
The jiangshi completely misses you. The jiangshi barely misses you.
Blink to where?
Press: ? - help, Dir - move target, p - curse skull
As you read the scroll of blinking, it crumbles to dust.
The glowing shapeshifter simulacrum disappears in a puff of smoke!
The jiangshi claws you.
* * * LOW HITPOINT WARNING * * *
The jiangshi draws strength from your injuries!
You block the jiangshi's attack. The phantasmal warrior gestures at you.
The phantasmal warrior blinks!
The phantasmal warrior gestures at you.
The phantasmal warrior blinks!
The phantasmal warrior misses you. You block the jiangshi's attack.
The jiangshi completely misses you.
The jiangshi claws you but does no damage.
The jiangshi completely misses you. The jiangshi completely misses you.
The jiangshi claws you!!
* * * LOW HITPOINT WARNING * * *
The jiangshi draws strength from your injuries!
The phantasmal warrior gestures at you.
The phantasmal warrior blinks!
The jiangshi misses you. The jiangshi claws you.
* * * LOW HITPOINT WARNING * * *
The jiangshi draws strength from your injuries!
The phantasmal warrior hits you!!
You die...

............##.......#.###'#
............##.......##.# #.
............##.......#.## .
............##.......#..#
...........§##.......'.##
..........z##.......##.#
...††.....##.......+.####
.........V##.......##.#.#
........@####'#####.#.#).
....†.W†'......# #######
...)....#......####
........#......'..#
........'......#..###
........'......#....#
........#......+....#
#########......#..###
########..#


You could see a jiangshi (summoned), a curse skull and a phantasmal warrior
(summoned).

Vanquished Creatures
  Bai Suzhen (Swamp:4)
  A tentacled monstrosity (Swamp:3)
  A sphinx (Vaults:2)
  Kirke (D:12)
  A thorn hunter (Swamp:1)
  7 vault wardens
  A deep elf sorcerer (Vaults:2)
  Aizul (Vaults:1)
  2 very ugly things (Vaults:2)
  4 ironbound thunderhulks (Vaults:2)
  5 ironbound preservers
  2 eleionomae
  7 bunyips
  Snorg (D:12)
  2 fire dragons
  2 shambling mangroves (Swamp:4)
  3 vault guards
  16 hydras
  2 great orbs of eyes
  A catoblepas (Lair:3)
  2 ghost crabs (Swamp:4)
  4 ogre magi (Orc:2)
  13 centaur warriors
  15 two-headed ogres
  2 dancing weapons (D:14)
  The ghost of anet the Protected, a journeyman GrCj of Sif Muna (D:10)
  A death knight (D:15)
  6 alligators
  4 ironbound frosthearts
  8 death yaks
  5 tengu warriors
  An orc high priest (Orc:1)
  A deep elf knight (D:14)
  Sonja (Lair:2)
  A skeletal warrior (Vaults:2)
  A titan skeleton (Vaults:2)
  A glowing orange brain (Vaults:1)
  12 swamp dragons
  6 spriggan druids
  3 goliath frogs
  6 deep trolls (Vaults:1)
  2 bog bodies
  A phantasmal warrior (D:15)
  A wizard (Vaults:2)
  The ghost of Zeoj the Covert, a novice FeDe of Hepliaklqana (D:13)
  A deep elf archer (D:13)
  The ghost of fluxer the Cleaver, a novice HOFi of Beogh (D:5)
  3 harpies (Vaults:1)
  4 orc knights
  13 lindwurms
  7 deep elf pyromancers
  8 ironbound convokers
  4 necromancers (Vaults:2)
  A tengu skeleton (Vaults:2)
  4 cyclopes
  A deep elf zephyrmancer (D:14)
  A wolf spider (D:15)
  10 ugly things
  3 will-o-the-wisps
  An oklob plant (Lair:1)
  A cyclops (shapeshifter) (D:13)
  8 vault sentinels
  A black mamba (Lair:2)
  6 elephants (Lair:1)
  7 cane toads
  2 gargoyles
  Joseph (D:8)
  3 torpor snails
  13 yaktaurs
  3 efreet
  2 unseen horrors
  8 komodo dragons
  A freezing wraith (Vaults:2)
  A tengu conjurer (D:15)
  2 rime drakes
  A yaktaur skeleton (Vaults:2)
  7 trolls
  9 tyrant leeches
  A polar bear (Lair:3)
  3 bloated husks
  13 blink frogs
  A sphinx simulacrum (Vaults:2)
  11 hornets
  5 dream sheep (Lair:4)
  A shadow (D:12)
  A vampire (D:9)
  A deep troll skeleton (Vaults:2)
  2 water elementals
  12 spriggans
  A slime creature (Vaults:1)
  A spriggan (shapeshifter) (D:14)
  5 wraiths
  5 hogs (D:12)
  2 wyverns
  The ghost of Gruffsson the Chopper, an amateur MiBe of Trog (D:4)
  29 yaks
  20 vampire mosquitoes
  7 basilisks
  2 redbacks (Lair:3)
  4 steam dragons
  A yaktaur simulacrum (Vaults:2)
  2 wargs
  4 acid dragons
  12 swamp worms
  12 water moccasins
  16 swamp drakes
  3 black bears
  A glowing shapeshifter skeleton (Vaults:2)
  A human zombie (Vaults:2)
  4 ice beasts
  A sky beast (D:6)
  18 orc warriors
  33 ogres
  A wolf (shapeshifter) (D:15)
  8 centaurs
  16 wolves
  2 phantoms
  10 bullfrogs
  A gnoll sergeant (D:8)
  A cyclops zombie (D:15)
  2 scorpions
  5 wights (D:9)
  10 killer bees (D:9)
  3 electric eels (D:11)
  A howler monkey (D:12)
  A gnoll bouda (D:8)
  11 hounds
  A jelly (D:5)
  9 orc priests
  A water moccasin simulacrum (D:4)
  An iron imp (D:9)
  Ijyb (D:5)
  12 iguanas
  A sleepcap (D:8)
  13 orc wizards
  A scorpion simulacrum (D:4)
  Robin (D:2)
  18 gnolls
  7 adders
  A hound simulacrum (D:4)
  A shadow imp (D:5)
  An ufetubus (D:5)
  2 worms
  4 dart slugs
  3 adder simulacra (D:4)
  52 orcs
  7 ball pythons
  7 endoplasms
  4 giant cockroaches
  19 goblins
  11 hobgoblins
  4 jackals (D:1)
  7 quokkas
  5 bats
  A frilled lizard (D:3)
  6 kobolds
  A rat (D:2)
808 creatures vanquished.

Vanquished Creatures (collateral kills)
  A stone giant (D:15)
  26 foxfires
27 creatures vanquished.

Vanquished Creatures (others)
  An eleionoma (Swamp:1)
  A hydra (Swamp:4)
  A centaur zombie (D:15)
  A bloated husk (Swamp:2)
  A human (D:4)
  An orc wizard (D:8)
  3042 foxfires
  35 fungi
  53 plants
  2 spectral weapons (Vaults:2)
  5 toadstools (Swamp:1)
3143 creatures vanquished.

Grand Total: 3978 creatures vanquished

Notes
Turn   | Place    | Note
-------+----------+-------------------------------------------
     0 | D:1      | Essalna the Tengu Fire Elementalist began the quest for the
                  | Orb.
     0 | D:1      | Reached XP level 1. HP: 10/10 MP: 4/4
   302 | D:1      | Reached XP level 2. HP: 16/16 MP: 0/6
   585 | D:1      | Learned a level 2 spell: Scorch
   862 | D:1      | Reached skill level 1 in Fighting
  1012 | D:1      | Found a faded altar of an unknown god.
  1017 | D:1      | Reached skill level 1 in Shields
  1017 | D:1      | Reached XP level 3. HP: 20/20 MP: 7/7
  1725 | D:2      | Reached XP level 4. HP: 25/25 MP: 3/8
  1804 | D:2      | Noticed Robin
  1813 | D:2      | Killed Robin
  1830 | D:2      | Reached skill level 4 in Fire Magic
  2188 | D:2      | Identified the +0 chain mail "Laonu" {Rampage rPois Regen+
                  | Int+3}
  2594 | D:2      | Gained mutation: Your magical nature lets you fly swiftly
                  | and evasively. [Tengu growth]
  2594 | D:2      | Reached XP level 5. HP: 30/30 MP: 5/9
  2665 | D:2      | Found Pora's Book Shoppe.
  2676 | D:2      | You are sucked into a shaft and drop 1 floor!
  3684 | D:4      | Noticed a black bear
  3686 | D:4      | Noticed an ogre
  3851 | D:4      | Found a runed translucent gate.
  3851 | D:4      | Found a runed translucent gate.
  3851 | D:4      | Found a runed translucent gate.
  3912 | D:4      | Killed an ogre
  3913 | D:4      | Reached XP level 6. HP: 32/36 MP: 1/10
  4211 | D:4      | Paralysed by a gnoll for 4 turns
  4217 | D:4      | Noticed a black bear
  4228 | D:5      | Entered Level 5 of the Dungeon
  4228 | D:5      | Noticed an ice beast
  4332 | D:4      | Found an ancient bone altar of Kikubaaqudgha.
  4333 | D:4      | Noticed a human
  4336 | D:4      | Killed a human
  4362 | D:4      | Killed a black bear
  4363 | D:4      | Reached skill level 5 in Fire Magic
  4447 | D:4      | Found Estuuq's Weapon Boutique.
  4581 | D:4      | Found Fiajoere's CLEARANCE SALE!.
  4805 | D:4      | Learned a level 4 spell: Flame Wave
  4846 | D:4      | Noticed an ice beast
  4846 | D:4      | Noticed Gruffsson's ghost (amateur MiBe)
  4986 | D:4      | Found Wetila's General Store.
  4997 | D:4      | Found Nudanu's Distillery.
  5118 | D:4      | Killed a black bear
  5119 | D:4      | Reached XP level 7. HP: 34/41 MP: 1/11
  5247 | D:4      | Reached skill level 1 in Armour
  5259 | D:4      | Reached skill level 5 in Conjurations
  5349 | D:4      | Identified a scroll of acquirement
  5349 | D:4      | Acquired the +2 pair of gloves of Agrumilo {rPois rF+ rC-
                  | Dex+3}
  5388 | D:4      | Killed Gruffsson's ghost
  5468 | D:5      | Reached XP level 8. HP: 48/48 MP: 5/12
  5585 | D:5      | Noticed Ijyb
  5593 | D:5      | Killed Ijyb
  5886 | D:5      | Reached skill level 6 in Fire Magic
  5991 | D:5      | Noticed fluxer's ghost (novice HOFi)
  6008 | D:5      | Found a transporter.
  6012 | D:5      | Found a transporter.
  6175 | D:5      | Reached XP level 9. HP: 53/53 MP: 9/13
  6280 | D:5      | Identified the amulet "Raiceacs" {RegenMP rF- Int+3 SInv}
  6567 | D:6      | Found a staircase to the Ecumenical Temple.
  6580 | Temple   | Entered the Ecumenical Temple
  6793 | Temple   | Became a worshipper of Vehumet
  6819 | D:6      | Reached skill level 5 in Fighting
  6950 | D:6      | Reached skill level 5 in Dodging
  7107 | D:6      | Reached skill level 7 in Fire Magic
  7212 | D:6      | Found a glowing golden altar of the Shining One.
  7346 | D:6      | Found a sacrificial altar of Ru.
  7348 | D:6      | Found a bloodstained altar of Trog.
  7348 | D:6      | Found an iron altar of Okawaru.
  7348 | D:6      | Found a blossoming altar of Fedhas.
  7356 | D:6      | Found an opulent altar of Gozag.
  7361 | D:6      | Found a sparkling altar of Nemelex Xobeh.
  7499 | D:5      | Acquired a +2 hat
  7661 | D:5      | Killed fluxer's ghost
  7662 | D:5      | Reached skill level 5 in Armour
  8163 | D:7      | Noticed a +0 falchion
  8163 | D:7      | Noticed a +0 spear
  8165 | D:7      | Noticed a +0 short sword
  8165 | D:7      | Noticed a +0 dagger
  8165 | D:7      | Noticed a +0 spear
  8166 | D:7      | Noticed a +0 dagger
  8167 | D:7      | Noticed a +0 falchion
  8167 | D:7      | Noticed a +0 short sword
  8168 | D:7      | Found a hide-covered altar of Uskayaw.
  8185 | D:7      | Reached XP level 10. HP: 60/60 MP: 11/14
  8494 | D:7      | Noticed a two-headed ogre
  8508 | D:7      | Killed a two-headed ogre
  8509 | D:7      | Reached skill level 8 in Fire Magic
  8804 | D:8      | Reached * piety under Vehumet
  8804 | D:8      | Offered knowledge of Sandblast by Vehumet.
  9292 | D:8      | Noticed Joseph
  9301 | D:8      | Killed Joseph
  9583 | D:9      | Found a snail-covered altar of Cheibriados.
  9754 | D:9      | Reached ** piety under Vehumet
  9766 | D:9      | Offered knowledge of Poisonous Vapours by Vehumet.
  9943 | D:9      | Found a flagged portal.
  9954 | Bailey   | Entered a bailey
 10019 | Bailey   | Reached skill level 9 in Fire Magic
 10019 | Bailey   | Reached XP level 11. HP: 67/67 MP: 14/17
 10032 | Bailey   | Found a large runed translucent door.
 10032 | Bailey   | Found a large runed translucent door.
 10033 | Bailey   | Noticed a deep elf pyromancer
 10050 | Bailey   | Noticed an orc knight
 10145 | Bailey   | Killed an orc knight
 10254 | Bailey   | Killed a deep elf pyromancer
 10269 | Bailey   | Identified the +4 ring mail "Cumpur" {Drain Fly Stlth+}
 10505 | D:9      | Noticed a two-headed ogre
 10510 | D:9      | Killed a two-headed ogre
 10839 | D:10     | Entered Level 10 of the Dungeon
 11063 | D:10     | Noticed a two-headed ogre
 11069 | D:10     | Killed a two-headed ogre
 11082 | D:10     | Found a runed translucent gate.
 11082 | D:10     | Found a runed translucent gate.
 11082 | D:10     | Found a runed translucent gate.
 11098 | D:10     | Noticed anet's ghost (journeyman GrCj)
 11288 | D:10     | Found a staircase to the Orcish Mines.
 11297 | Orc:1    | Entered Level 1 of the Orcish Mines
 11412 | Orc:1    | Offered knowledge of Mephitic Cloud by Vehumet.
 11456 | Orc:1    | Noticed an orc high priest
 11469 | Orc:1    | Reached *** piety under Vehumet
 11475 | Orc:1    | Killed an orc high priest
 11476 | Orc:1    | Reached skill level 5 in Spellcasting
 11477 | Orc:1    | Noticed an orc knight
 11516 | Orc:1    | Killed an orc knight
 11517 | Orc:1    | Reached skill level 10 in Fire Magic
 11660 | Orc:1    | Offered knowledge of Hailstorm by Vehumet.
 11899 | Orc:2    | Entered Level 2 of the Orcish Mines
 11914 | Orc:2    | Noticed a cyclops
 11915 | Orc:2    | Noticed a two-headed ogre
 11927 | Orc:2    | Noticed an ogre mage
 11930 | Orc:2    | Killed a two-headed ogre
 11933 | Orc:2    | Reached XP level 12. HP: 21/75 MP: 17/20
 12005 | Orc:2    | Noticed a two-headed ogre
 12005 | Orc:2    | Noticed a two-headed ogre
 12006 | Orc:2    | Noticed a two-headed ogre
 12069 | Orc:2    | Reached **** piety under Vehumet
 12073 | Orc:2    | Found a staircase to the Elven Halls.
 12096 | Orc:2    | Noticed an ogre mage
 12105 | Orc:2    | Killed an ogre mage
 12112 | Orc:2    | Offered knowledge of Olgreb's Toxic Radiance by Vehumet.
 12121 | Orc:2    | Killed a two-headed ogre
 12135 | Orc:2    | Noticed a two-headed ogre
 12144 | Orc:2    | Killed a two-headed ogre
 12154 | Orc:1    | Killed a two-headed ogre
 12225 | Orc:2    | Noticed a two-headed ogre
 12225 | Orc:2    | Noticed an ogre mage
 12225 | Orc:2    | Noticed a two-headed ogre
 12225 | Orc:2    | Noticed a two-headed ogre
 12234 | Orc:1    | Killed a two-headed ogre
 12335 | Orc:1    | Killed a two-headed ogre
 12336 | Orc:1    | Reached skill level 10 in Dodging
 12336 | Orc:1    | Reached skill level 11 in Fire Magic
 12364 | Orc:2    | Killed an ogre mage
 12407 | Orc:2    | Killed an ogre mage
 12407 | Orc:2    | Noticed a two-headed ogre
 12417 | Orc:2    | Killed a two-headed ogre
 12418 | Orc:2    | Reached skill level 10 in Armour
 12457 | Orc:2    | Noticed a two-headed ogre
 12464 | Orc:2    | Killed a two-headed ogre
 12491 | Orc:2    | Killed a two-headed ogre
 12492 | Orc:2    | Reached skill level 10 in Fighting
 12497 | Orc:2    | Killed a two-headed ogre
 12623 | Orc:2    | Reached XP level 13. HP: 82/82 MP: 18/21
 12693 | Orc:2    | Found Solyag's Magic Scroll Shoppe.
 12695 | Orc:2    | Found Akkuf's General Store.
 12695 | Orc:2    | Found Istrae's Assorted Antiques.
 12695 | Orc:2    | Found Duocutt's Book Boutique.
 12707 | Orc:2    | Bought a scroll of acquirement for 676 gold pieces
 12707 | Orc:2    | Bought a scroll of acquirement for 676 gold pieces
 12708 | Orc:2    | Acquired the ring "Bul Zare" {rC+ Int+6}
 12712 | Orc:2    | Acquired a staff of fire
 13021 | D:10     | Found the +9 sword of Zonguldrok {reap}
 13101 | D:10     | Identified the ring "Honureun" {Wiz Will+++ Str-4 Int+4}
 13889 | D:11     | Reached skill level 12 in Fire Magic
 14106 | D:11     | Reached ***** piety under Vehumet
 14177 | D:11     | Found a staircase to the Lair.
 14311 | Lair:1   | Entered Level 1 of the Lair of Beasts
 14338 | Lair:1   | Offered knowledge of Iskenderun's Battlesphere by Vehumet.
 14531 | Lair:1   | You are sucked into a shaft and drop 1 floor!
 14534 | Lair:2   | Noticed Sonja
 14538 | Lair:2   | Killed Sonja
 14584 | Lair:2   | Found a staircase to the Swamp.
 14798 | Lair:2   | Got Kiezuher's Lectures on Weather
 15185 | Lair:2   | Upgraded the game from 0.30-a0-1114-gd936c97349 to
                  | 0.31-a0-1-g4198be8af4
 15271 | Lair:2   | Reached skill level 13 in Fire Magic
 15991 | Lair:4   | Reached XP level 14. HP: 91/91 MP: 14/22
 16229 | Lair:3   | Found a hole to the Spider Nest.
 16988 | Lair:4   | Found a viscous altar of Jiyva.
 16989 | Lair:4   | Found a staircase to the Slime Pits.
 17242 | Lair:4   | Found a snail-covered altar of Cheibriados.
 17597 | Lair:5   | Entered Level 5 of the Lair of Beasts
 17601 | Lair:5   | Offered knowledge of Eringya's Noxious Bog by Vehumet.
 17652 | Lair:5   | Reached skill level 14 in Fire Magic
 18566 | Lair:1   | Found the +1 robe of Vines {NoPotionHeal Regen++++}
 19214 | D:12     | Noticed Snorg
 19225 | D:12     | Killed Snorg
 19374 | D:12     | Noticed Kirke
 19386 | D:12     | Killed Kirke
 19626 | D:12     | Found a portal to a secret trove of treasure.
 19860 | D:13     | Reached XP level 15. HP: 99/99 MP: 20/23
 19947 | D:13     | Found Bego's Armour Boutique.
 19970 | D:13     | Bought a scarf of repulsion for 180 gold pieces
 20209 | D:13     | Found a runed translucent gate.
 20210 | D:13     | Found a runed translucent gate.
 20212 | D:13     | Found a runed translucent gate.
 20213 | D:13     | Noticed Zeoj's ghost (novice FeDe)
 20215 | D:13     | Found an iron altar of Okawaru.
 20227 | D:13     | Reached skill level 15 in Fire Magic
 20230 | D:13     | Killed Zeoj's ghost
 20936 | D:10     | Killed anet's ghost
 21107 | Swamp:1  | Entered Level 1 of the Swamp
 21161 | Swamp:1  | Noticed a thorn hunter
 21183 | Swamp:1  | Killed a thorn hunter
 21926 | Swamp:2  | Offered knowledge of Conjure Ball Lightning by Vehumet.
 22154 | Swamp:2  | Reached skill level 16 in Fire Magic
 22560 | Swamp:3  | Noticed a tentacled monstrosity
 22573 | Swamp:3  | Killed a tentacled monstrosity
 22574 | Swamp:3  | Reached XP level 16. HP: 90/107 MP: 15/24
 23061 | Swamp:4  | Entered Level 4 of the Swamp
 23102 | Swamp:4  | Noticed Bai Suzhen
 23105 | Swamp:4  | Reached skill level 15 in Fighting
 23412 | Swamp:4  | Reached skill level 17 in Fire Magic
 23456 | Swamp:4  | Offered knowledge of Irradiate by Vehumet.
 23554 | Swamp:4  | Killed Bai Suzhen
 23798 | Swamp:4  | Got a decaying rune of Zot
 24302 | D:14     | Found a gate to the Vaults.
 24806 | D:15     | Entered Level 15 of the Dungeon
 24906 | D:15     | Found a broken altar of Ashenzari.
 24952 | D:15     | Reached XP level 17. HP: 92/115 MP: 25/25
 24977 | D:15     | Reached skill level 15 in Dodging
 25556 | D:15     | Found a staircase to the Depths.
 25667 | Vaults:1 | Entered Level 1 of the Vaults
 25724 | Vaults:1 | Reached skill level 18 in Fire Magic
 25872 | Vaults:1 | Reached ****** piety under Vehumet
 26269 | Vaults:1 | Offered knowledge of Iron Shot by Vehumet.
 26507 | Vaults:1 | Found Luatsaw's Assorted Antiques.
 26515 | Vaults:1 | Bought a coiled amethyst amulet for 100 gold pieces
 26515 | Vaults:1 | Identified the amulet "Qaana" {Acrobat rF+ Dex+3} (You
                  | bought it in a shop on level 1 of the Vaults)
 26804 | Vaults:1 | Noticed Aizul
 26817 | Vaults:1 | Killed Aizul
 26854 | Vaults:1 | Identified the +6 shortbow "Baeriaz" {flame, Drain rF+
                  | Int+6}
 26969 | Vaults:2 | Learned a level 8 spell: Ignition
 27040 | Vaults:2 | Found a staircase to the Crypt.
 27254 | Vaults:2 | Reached XP level 18. HP: 121/123 MP: 9/26
 27379 | Vaults:2 | Identified the +4 whip "Beastslayer" {spect, rElec rN+++
                  | Will- SInv}
 27588 | Vaults:2 | Reached skill level 19 in Fire Magic
 28100 | Vaults:2 | Slain by a phantasmal warrior

Illustrated notes

Levels and vault maps discovered:
D:1:      dpeg_arrival_simpleton_b, layout_basic, basic_ecumenical_altar,
          amcnicky_mini_rare_corridor_liquid
D:2:      layout_basic, serial_shops, nicolae_shop_back_alley_shop,
          kennysheep_boxes, uniq_robin
D:3:      layout_basic, minivault_27, chequers_serial_rivers_small_a
D:4:      layout_basic, tgw_kikubaaqudgha, gammafunk_ghost_icy, serial_shops,
          nicolae_shop_tiny_glass, shop, shop, nicolae_shop_clearance
D:5:      cheibrodos_barr_body, layout_basic, gammafunk_ghost_smash, uniq_ijyb
D:6:      layout_cave_pools, mainiacjoe_overflow_six_doors_small,
          minmay_overflow_temple_hex, minmay_temple_entry_tees,
          serial_park_tiny_pond
D:7:      layout_basic, nicolae_uskayaw_en_pointe, grunt_ministairs_13,
          hangedman_decor_slide_cut, dk_vineyard_2
D:8:      layout_rooms, uniq_joseph
D:9:      layout_gridville, slow_altar_2, enter_bailey_5, serial_glass,
          glass_columns_a, glass_columns_c
D:10:     layout_grid_maze, orc_0_dummy, ebering_ghost_rock_garden,
          minmay_lindwurm_lava
D:11:     layout_roguey, erik_lair_island, st_stairs_13
D:12:     layout_cave_pools, enter_trove_1, nrook_uturn, nrook_mini_backslash,
          uniq_kirke, uniq_snorg
D:13:     layout_irregular_city, serial_shops, nicolae_shop_tiny_statue_garden,
          gammafunk_ghost_fury_of_okawaru, minmay_quadrilaterals
D:14:     layout_loops_ring, erik_vaults_1, dk_noncrumbling_3
D:15:     grunt_enter_depths_snipers, layout_basic, cheibrodos_ashenzari_chains
Temple:   hc_temple_tempest_star
Lair:1:   hellmonk_destroyed_diamonds, layout_gridlike,
          hellmonk_guarded_unrand_vines
Lair:2:   layout_cellular_growth, minmay_swamp_entry_wisps, grunt_megastairs_5,
          uniq_sonja
Lair:3:   layout_gridlike, spider_nest_entry_webs
Lair:4:   layout_gridlike, slime_entry_1, kennysheep_snail_temple
Lair:5:   guppyfry_lair_end_dragon, layout_misc_corridors
Swamp:1:  cheibrodos_swamp_tower_of_moss, layout_basic_swamp,
          nicolae_swamp_ascending_descending, swamp_pool5
Swamp:2:  layout_basic_swamp, evilmike_swamp_ruin_house_5,
          nicolae_swamp_super_fun_site
Swamp:3:  layout_basic_swamp, evilmike_swamp_ruin_rubble_2, swamp_pool1
Swamp:4:  swamp_alternative, layout_basic_swamp, uniq_bai_suzhen
Orc:1:    layout_caves, kennysheep_orc_chapel
Orc:2:    st_orc_ogre_mass, layout_caves
Vaults:1: hangedman_vaults_slither, nicolae_vaults_tetromino_L_2,
          nicolae_vaults_angled_halls, nicolae_vaults_closet_pinwheel_4,
          v_misc_22, v_rooms_4, hangedman_vaults_nails,
          nicolae_vaults_little_squares_2, hangedman_vaults_cutoff,
          nicolae_vaults_prndl, layout_vaults_big_cross, serial_shops, shop,
          uniq_aizul
Vaults:2: minmay_crypt_entry_simple_sparse, nicolae_vaults_heist,
          nicolae_vaults_storage_closets_3, nicolae_vaults_little_ls,
          nicolae_vaults_shelves_hall, ontoclasm_vaults_bender,
          nicolae_vaults_trapezoid_lopsided_2, st_cells,
          nicolae_vaults_closet_pinwheel_4, nicolae_vaults_network_quinsquares
          [nicolae_vaults_network_quincunx_subvault,
          nicolae_vaults_network_quincunx_subvault,
          nicolae_vaults_network_quincunx_subvault,
          nicolae_vaults_network_quincunx_subvault], v_pattern_5,
          hangedman_vaults_river_flow, nicolae_vaults_tetromino_T_1,
          nicolae_vaults_trapezoid_3, hangedman_vaults_corner_blocks,
          grunt_vaults_diagonal, layout_vaults_omnibox

Skill      XL: |  1  2  3  4  5  6  7  8  9 10 11 12 13 14 15 16 17 18 |
---------------+-------------------------------------------------------+-----
Conjurations   | 2 3 4 5 6 8 |  8.0
Fighting       | 1 2 3 4 6 7 8 10 11 13 14 15 17 | 17.4
Shields        | 1 2 3 4 |  4.0
Fire Magic     | 4 5 6 7 9 10 11 13 14 16 17 18 19 | 19.2
Armour         | 2 3 5 7 8 10 12 13 14 | 14.0
Dodging        | 3 4 6 7 9 10 11 13 14 16 | 16.8
Spellcasting   | 3 5 |  5.0
Stealth        | |  2.0

Action                     |  1- 3 |  4- 6 |  7- 9 | 10-12 | 13-15 | 16-18 || total
---------------------------+-------+-------+-------+-------+-------+-------++-------
  Melee: Unarmed           |    22 |       |       |       |       |       ||    22
         Kick              |     9 |     8 |       |     1 |    41 |    59 ||   118
         Dagger            |    17 |    32 |       |     4 |    59 |       ||   112
         Peck              |     5 |     5 |       |     1 |    29 |    46 ||    86
         Double sword      |       |       |       |       |    23 |    76 ||    99
         Staff             |       |       |       |       |     2 |     5 ||     7
         Whip              |       |       |       |       |       |    25 ||    25
   Cast: Foxfire           |    50 |   146 |   201 |   447 |   649 |   250 ||  1743
         Scorch            |       |     6 |    40 |    82 |   137 |   160 ||   425
         Flame Wave        |       |       |     6 |    29 |    81 |    96 ||   212
         Ignition          |       |       |       |       |       |    10 ||    10
  Evoke: Wand              |       |       |       |       |    10 |     8 ||    18
    Use: Scroll            |       |       |    18 |     5 |    11 |     5 ||    39
         Potion            |       |       |     3 |       |       |       ||     3
   Stab: Sleeping          |     1 |     4 |       |       |       |       ||     5
 Armour: Robe              |     5 |     5 |     6 |       |    33 |   122 ||   171
         Steam dragon scal |       |       |     4 |     8 |       |       ||    12
         Troll leather arm |       |       |       |    11 |    65 |       ||    76
  Dodge: Dodged            |    22 |    25 |    33 |   117 |   383 |   524 ||  1104
         Repelled          |       |       |       |       |       |     3 ||     3
  Block: Buckler           |     8 |     5 |    16 |    49 |   111 |   133 ||   322

Table legend: (Time is in decaauts)
 A = Elapsed time spent in this place.
 B = Non-inter-level travel time spent in this place.
 C = Inter-level travel time spent in this place.
 D = Time resting spent in this place.
 E = Time spent auto-exploring this place.
 F = Levels seen in this place.
 G = Mean time per level.
                   A        B        C        D        E       F      G
               +--------+--------+--------+--------+--------+-----+--------+
         Total |  26416 |  24415 |   2001 |    580 |  18167 |  30 |  880.5 |
       Dungeon |  14552 |  13305 |   1247 |    230 |  10430 |  15 |  970.1 |
        Temple |    210 |    193 |     17 |      0 |    160 |   1 |  210.0 |
          Lair |   4601 |   4298 |    303 |     25 |   3368 |   5 |  920.2 |
         Swamp |   2702 |   2484 |    218 |    109 |   1635 |   4 |  675.5 |
  Orcish Mines |   1720 |   1534 |    186 |    195 |    817 |   2 |  860.0 |
        Vaults |   2286 |   2258 |     28 |     21 |   1598 |   2 | 1143.0 |
        Bailey |    342 |    342 |      0 |      0 |    156 |   1 |  342.0 |
               +--------+--------+--------+--------+--------+-----+--------+

Top non-repeatable levels by time:
     D:1: 1661 daAuts
     D:4: 1636 daAuts
    D:10: 1362 daAuts
     D:5: 1285 daAuts
Vaults:1: 1158 daAuts
  Lair:2: 1131 daAuts
Vaults:2: 1128 daAuts
     D:7: 1073 daAuts
     D:2: 1011 daAuts
  Lair:4: 1003 daAuts
     D:3: 964 daAuts
   Orc:1: 948 daAuts
     D:9: 892 daAuts
  Lair:5: 847 daAuts
  Lair:3: 832 daAuts
